 Dungeon Crawl Stone Soup version 0.23-a0-269-g65e0026 (webtiles) character file.

7 iamserjio the Sneak (level 1, 0/9 HPs)
             Began as a Spriggan Enchanter on Sept 30, 2018.
             Succumbed to a kobold's poison
             ... on level 1 of the Dungeon.
             The game lasted 00:02:05 (504 turns).

iamserjio the Sneak (Spriggan Enchanter)             Turns: 504, Time: 00:02:05

Health: 0/9        AC:  2    Str:  4    XL:     1   Next: 91%
Magic:  4/5        EV: 18    Int: 16    God:
Gold:   24         SH:  0    Dex: 16    Spells: 4/5 levels left

rFire    . . .     SeeInvis +   a - +1 dagger
rCold    . . .     Gourm    .   (shield restricted)
rNeg     . . .     Faith    .   b - +0 robe
rPois    .         Spirit   .   (helmet restricted)
rElec    .         Reflect  .   (no cloak)
rCorr    .         Harm     .   (gloves unavailable)
MR       .....                  (boots unavailable)
Stlth    +++.......             (no amulet)
HPRegen  0.03/turn              (no ring)
MPRegen  0.09/turn              (no ring)

@: lethally poisoned (0 -> -12), very quick
A: very small, unfitting armour, see invisible, herbivore, speed 3, slow
metabolism 2
a: no special abilities


You were on level 1 of the Dungeon.
You were not hungry.

You visited 1 branch of the dungeon, and saw 1 of its levels.

You collected 24 gold pieces.

Inventory:

Hand Weapons
 a - a +1 dagger (weapon)
Missiles
 c - 38 stones (quivered)
Armour
 b - a +0 robe (worn)
Jewellery
 e - a cursed -5 ring of slaying {unknown}
Scrolls
 f - a scroll of blinking {unknown}
Comestibles
 d - a ration


   Skills:
 + Level 0.2 Fighting
 - Level 1.3 Short Blades
 - Level 3.1 Dodging
 - Level 4.5 Stealth
 - Level 2.8 Spellcasting
 - Level 3.7 Hexes


You had 4 spell levels left.
You knew the following spells:

 Your Spells              Type           Power        Failure   Level  Hunger
a - Corona                Hex            ##.....      4%          1    #......

Your spell library contained the following spells:

 Spells                   Type           Power        Failure   Level  Hunger
 Confuse                  Hex            ##......     12%         3    ###....
 Tukima's Dance           Hex            ##......     12%         3    ###....
 Ensorcelled Hibernation  Hex/Ice        #.....       13%         2    ##.....
 Dazzling Spray           Conj/Hex       #.....       26%         3    ###....


Dungeon Overview and Level Annotations

Branches:
Dungeon (1/15)

Altars:


Innate Abilities, Weirdness & Mutations

You are very small and have problems with some larger weapons.
You are too small for most types of armour.
You have supernaturally acute eyesight. (SInv)
You are a herbivore.
You cover ground extremely quickly.
You need to consume almost no food.


Message History

You aren't carrying any potions.
Unknown command.
You feel sick.
You feel sick.
Casting: Corona (safe; 4% risk of failure)
Aiming: Corona (safe; 4% risk of failure)
Aim: a kobold, wielding a short sword of venom (chance to defeat MR: 68%)
The kobold is outlined in light.
You feel sick.
You hit the kobold.
You feel sick.
You hit the kobold.
You kill the kobold!
You closely miss the rat.
* * * LOW HITPOINT WARNING * * *
You feel sick. The rat barely misses you.
You hit the rat.
* * * LOW HITPOINT WARNING * * *
You feel sick. The rat bites you but does no damage.
You hit the rat but do no damage. The rat misses you.
You hit the rat.
You die...

#......%.. ##.......#
#........# ##.....####
#........# ##....###...
#........## #....##..... ...
####......# ##...##....#'
..............#.#....#....##.
....####........#...##...##..
...........r###.#...#....#...
............@.#.#...#....#...
............#.#.#...#....#...
............#.#.#...##...##..
......†.....#.#.#....#....##.
...#....#.....#.##...##....#+
........#..#.....#....##.....
........#..#####.##....###...
#.......#..#...÷..##.....####
#.......#..#.####..##.......#


You could see a rat.

Vanquished Creatures
  A leopard gecko (D:1)
  A hobgoblin (D:1)
  A kobold (D:1)
  2 bats (D:1)
  A frilled lizard (D:1)
6 creatures vanquished.

Notes
Turn   | Place    | Note
-------+----------+-------------------------------------------
     0 | D:1      | iamserjio the Spriggan Enchanter began the quest for the
                  | Orb.
     0 | D:1      | Reached XP level 1. HP: 9/9 MP: 5/5
   504 | D:1      | Succumbed to a kobold's poison

Vault maps used:
D:1:      dpeg_arrival_circle_labyrinth_a

Action                   || total
-------------------------++-------
Melee: Dagger            ||    29
 Cast: Corona            ||     3
Armor: Robe              ||     5
Dodge: Dodged            ||    28

Table legend:
 A = Non-vault XP
 B = Vault XP
 C = Vault XP percentage of total XP
 D = Non-vault monster count
 E = Vault monster count
 F = Vault count percentage of total count
                 A         B        C        D         E       F
            +---------+---------+-------+---------+---------+-------
      Total |      11 |       0 |   0.0 |       6 |       0 |   0.0
            +---------+---------+-------+---------+---------+-------
        D:1 |      11 |       0 |   0.0 |       6 |       0 |   0.0
            +---------+---------+-------+---------+---------+-------
